 Dungeon Crawl Stone Soup version 0.28-a0-519-gbfeecf2fc5 (webtiles) character file.

Game seed: 14332242468636354152

39 SkeletonJelly the Grave Robber (level 3, -1/19 HPs)
             Began as a Deep Elf Necromancer on Sept 24, 2021.
             Slain by a worm (9 damage)
             ... on level 2 of the Dungeon.
             The game lasted 00:02:27 (1839 turns).

SkeletonJelly the Grave Robber (DENe)               Turns: 1839, Time: 00:02:28

Health: -1/19      AC:  2    Str:  5    XL:     3   Next: 28%
Magic:  3/10       EV: 13    Int: 20    God:
Gold:   17         SH:  0    Dex: 15    Spells: 8/9 levels left

rFire   . . .      SeeInvis .   (no weapon)
rCold   . . .      Faith    .   (no shield)
rNeg    . . .      Spirit   .   a - +0 robe
rPois   .          Reflect  .   (no helmet)
rElec   .          Harm     .   (no cloak)
rCorr   .          Rampage  .   (no gloves)
Will    .....                   (no boots)
Stlth   ++........              e - amulet of the acrobat
HPRegen 0.06/turn               (no ring)
MPRegen 0.12/turn               (no ring)

@: no status effects
A: no striking features
a: no special abilities


You were on level 2 of the Dungeon.
You visited 1 branch of the dungeon, and saw 2 of its levels.

You collected 17 gold pieces.

Inventory:

Armour
 a - a +0 robe (worn)
Jewellery
 e - an amulet of the acrobat (around neck)
Scrolls
 c - a scroll of fear {unknown}
Potions
 b - a potion of curing {unknown}
 d - 2 potions of flight {unknown}


   Skills:
 - Level 3.0 Dodging
 - Level 3.0 Stealth
 + Level 3.5 Spellcasting
 * Level 5.4 Necromancy


You had 8 spell levels left.
You knew the following spells:

 Your Spells              Type           Power      Damage    Failure   Level
a - Pain                  Necr           100%       1d9       1%          1

Your spell library contained the following spells:

 Spells                   Type           Power      Damage    Failure   Level
 Animate Skeleton         Necr           50%        N/A       1%          1
 Vampiric Draining        Necr           12%        2d7       4%          3
 Animate Dead             Necr           12%        N/A       14%         4
 Agony                    Necr           25%        N/A       36%         5


Dungeon Overview and Level Annotations

Branches:
Dungeon (2/15)

Altars:


Message History

An endoplasm is nearby!
An endoplasm is nearby!
The endoplasm quivers.
The endoplasm barely resists.
You take 1 damage, and have 18/19 hp.
You now have 9/10 mp.
The endoplasm writhes in agony.
You kill the endoplasm!
You take 1 damage, and have 17/19 hp.
You now have 8/10 mp.
You can't see any susceptible monsters within range! (Use Z to cast anyway.)
You can't see any susceptible monsters within range! (Use Z to cast anyway.)
You can't see any susceptible monsters within range! (Use Z to cast anyway.)
A ball python comes into view.
Health restored: 19; MP restored: 10 A ball python is nearby!
A ball python is nearby!
A ball python is nearby!
A ball python is nearby!
The ball python hisses angrily.
The ball python writhes in agony.
You kill the ball python!
You take 1 damage, and have 18/19 hp.
You now have 9/10 mp.
You can't see any susceptible monsters within range! (Use Z to cast anyway.)
You can't see any susceptible monsters within range! (Use Z to cast anyway.)
You can't see any susceptible monsters within range! (Use Z to cast anyway.)
You can't see any susceptible monsters within range! (Use Z to cast anyway.)
d - 2 fuming brown potions (gained 1)
e - an amulet of the acrobat Health restored: 19; MP restored: 10 A rat comes into view.
A rat is nearby!
A rat is nearby!
Found 16 stones and a dagger.
The rat writhes in agony.
You kill the rat!
You take 1 damage, and have 18/19 hp.
You now have 9/10 mp.
You can't see any susceptible monsters within range! (Use Z to cast anyway.)
You can't see any susceptible monsters within range! (Use Z to cast anyway.)
You can't see any susceptible monsters within range! (Use Z to cast anyway.)
You can't see any susceptible monsters within range! (Use Z to cast anyway.)
You can't see any susceptible monsters within range! (Use Z to cast anyway.)
You start putting on your amulet.
You continue putting on your amulet of the acrobat. x5
You finish putting on your amulet of the acrobat.
You feel ready to tumble and roll out of harm's way.
e - an amulet of the acrobat (around neck)
You open the door.
There is an open door here.
An endoplasm comes into view.
Health restored: 19; MP restored: 10 An endoplasm is nearby!
An endoplasm is nearby!
The endoplasm writhes in agony.
You take 1 damage, and have 18/19 hp.
You now have 9/10 mp.
The endoplasm writhes in agony.
You kill the endoplasm!
You take 1 damage, and have 17/19 hp.
You now have 8/10 mp.
You can't see any susceptible monsters within range! (Use Z to cast anyway.)
You can't see any susceptible monsters within range! (Use Z to cast anyway.)
You can't see any susceptible monsters within range! (Use Z to cast anyway.)
You can't see any susceptible monsters within range! (Use Z to cast anyway.)
Found an escape hatch in the floor.
Health restored: 19; MP restored: 10 A worm comes into view.
A worm is nearby!
A worm is nearby!
Found a scroll labelled NOTECWEBRU.
You can't see any susceptible monsters within range! (Use Z to cast anyway.)
You can't see any susceptible monsters within range! (Use Z to cast anyway.)
You can't see any susceptible monsters within range! (Use Z to cast anyway.) Sigmund the Dreaded comes into view.
He is wielding a +0 scythe.
Sigmund shouts!
Sigmund writhes in agony.
You take 1 damage, and have 18/19 hp.
You now have 9/10 mp.
Sigmund barely resists.
You take 1 damage, and have 17/19 hp.
You now have 8/10 mp.
Sigmund writhes in agony.
A goblin comes into view. It is wielding a +0 club.
A frilled lizard comes into view.
You take 1 damage, and have 16/19 hp.
You now have 7/10 mp.
Sigmund writhes in agony.
Sigmund hits you from afar with a +0 scythe.
You take 5 damage, and have 11/19 hp.
MASSIVE DAMAGE!!
You now have 6/10 mp.
Sigmund barely resists.
Sigmund barely misses you.
You take 1 damage, and have 10/19 hp.
You now have 5/10 mp.
Sigmund writhes in agony!
You take 1 damage, and have 9/19 hp.
You now have 4/10 mp.
You are too injured to fight recklessly!
You are too injured to fight recklessly!
You are too injured to fight recklessly!
You are too injured to fight recklessly!
You are too injured to fight recklessly!
Casting: Pain (safe; 1% risk of failure)
Confirm with . or Enter, or press ? or * to list all spells.
Aiming: Pain (safe; 1% risk of failure)
Press: ? - help, Shift-Dir - straight line, f/p - Sigmund
Aim: Sigmund, wielding a +0 scythe and wearing a +0 robe (severely wounded, chance to affect: 89%) Sigmund writhes in agony!
You kill Sigmund!
The worm bites you!
You die...

##. ## .# ... .#.
###. ## .. ....
.....# # #.#..#
#.# #.#..# ..
.#.##..w.#.# #...
...?...@g).#
#...########.#.l#
+..........#.#
.... ....###...#.#
#..# ..
...#......# ..
#..######.#..#####
. .............>.#
.....##....##.#
.............#


You could see a worm, a goblin and a frilled lizard.

Vanquished Creatures
  Sigmund (D:2)
  4 dart slugs (D:1)
  6 bats
  3 endoplasms
  2 goblins (D:2)
  2 hobgoblins (D:1)
  5 kobolds (D:1)
  2 quokkas (D:1)
  2 ball pythons
  2 frilled lizards (D:1)
  4 rats
33 creatures vanquished.

Vanquished Creatures (others)
  4 plants (D:1)
4 creatures vanquished.

Grand Total: 37 creatures vanquished

Notes
Turn   | Place    | Note
-------+----------+-------------------------------------------
     0 | D:1      | SkeletonJelly the Deep Elf Necromancer began the quest for
                  | the Orb.
     0 | D:1      | Reached XP level 1. HP: 10/10 MP: 6/6
    43 | D:1      | Found a faded altar of an unknown god.
    78 | D:1      | Reached skill level 5 in Necromancy
   282 | D:1      | Reached XP level 2. HP: 9/15 MP: 5/8
  1328 | D:1      | Reached XP level 3. HP: 14/19 MP: 6/9
  1832 | D:2      | Noticed Sigmund
  1839 | D:2      | Killed Sigmund
  1839 | D:2      | Slain by a worm

Illustrated notes

Levels and vault maps discovered:
D:1:      saegor_arrival_simple_b, layout_basic, basic_ecumenical_altar,
          serial_bayou_ford_a, serial_bayou_lake_a
D:2:      layout_basic, uniq_robin, uniq_sigmund

Skill      XL: |  1  2  3 |
---------------+----------+-----
Necromancy     | 5 |  5.4
Stealth        | 3 |  3.0
Dodging        | 3 |  3.0
Spellcasting   | |  3.5

Action                   || total
-------------------------++-------
Melee: Unarmed           ||     1
 Cast: Pain              ||    57
Armor: Robe              ||     1
Dodge: Dodged            ||     4

Table legend: (Time is in decaauts)
 A = Elapsed time spent in this place.
 B = Non-inter-level travel time spent in this place.
 C = Inter-level travel time spent in this place.
 D = Time resting spent in this place.
 E = Time spent auto-exploring this place.
 F = Levels seen in this place.
 G = Mean time per level.
                   A        B        C        D        E       F      G
               +--------+--------+--------+--------+--------+-----+--------+
         Total |   1877 |   1860 |     17 |      0 |   1692 |   2 |  938.5 |
       Dungeon |   1877 |   1860 |     17 |      0 |   1692 |   2 |  938.5 |
               +--------+--------+--------+--------+--------+-----+--------+

Top non-repeatable levels by time:
     D:1: 1619 daAuts
     D:2: 257 daAuts
